AoeStats
← 牛油果

Arabia

503378155Analyzed
1v1 RM · 1mo ago on Aug 31, 2026· 13m 55s· 2 players
Game mode
Random Map
Map size
Tiny (2 player)
Population
200
Speed
Normal
Resources
Standard
Victory
Conquest
Starting age
Dark Age
Ending age
Imperial Age
RankedLock teamsTeams togetherTeam positionsShared explorationLock speedFull tech treeHidden civsTurbo modeCheats
Victory
Defeat
🇭🇰 Armenians · Hong Kong SAR China
1830
+12
🇫🇷 Persians · France
1746
-12
B.
5:32 Loom
8:14 Feudal Age
8:42 Double-Bit Axe
9:14 Horse Collar
牛油果
5:54 Loom
9:21 Feudal Age
9:27 Man-at-Arms
9:56 Double-Bit Axe
10:02 Man-at-Arms
13:10 Long Swordsman
Connection lost

Rejoining the realm…

Still unreachable

The connection could not be restored.

Session expired

The server has moved on; the page needs a fresh start.